 Dungeon Crawl Stone Soup version 0.27-a0-1299-g1ab19c6527 (webtiles) character file.

Game seed: 10484072214533808440

32 Shayle the Chiller (level 3, -2/20 HPs)
             Began as a Gargoyle Ice Elementalist on June 16, 2021.
             Killed from afar by an orc wizard (9 damage)
             ... with a magic dart
             ... on level 2 of the Dungeon.
             The game lasted 00:03:50 (1333 turns).

Shayle the Chiller (Gargoyle Ice Elementalist)      Turns: 1333, Time: 00:03:52

Health: -2/20      AC:  5    Str: 11    XL:     3   Next: 25%
Magic:  2/6        EV: 12    Int: 16    God:
Gold:   45         SH:  0    Dex: 10    Spells: 2/6 levels left

rFire    . . .     SeeInvis +   i - +0 club
rCold    . . .     Faith    .   (no shield)
rNeg     + . .     Spirit   .   a - +0 robe
rPois    ∞         Reflect  .   (no helmet)
rElec    +         Harm     .   (no cloak)
rCorr    +         Rampage  .   (no gloves)
Will     .....                  (no boots)
Stlth    ++........             (no amulet)
HPRegen  0.06/turn              d - ring of resist corrosion
MPRegen  0.10/turn              g - ring of see invisible

@: freezing walls
A: sickness immunity, AC +3, negative energy resistance 1, electricity
resistance, torment resistance 1, petrification resistance
a: no special abilities


You were on level 2 of the Dungeon.
You visited 1 branch of the dungeon, and saw 2 of its levels.

You collected 45 gold pieces.

Inventory:

Hand Weapons
 i - a +0 club (weapon)
Armour
 a - a +0 robe (worn)
Jewellery
 d - a ring of resist corrosion (left hand)
 g - a ring of see invisible (right hand)
Scrolls
 c - 3 scrolls of fear {unknown}
 h - a scroll of fog {unknown}
Potions
 b - a potion of invisibility
 e - 2 potions of lignification {unknown}
 f - a potion of curing {unknown}


   Skills:
 + Level 1.4 Fighting
 + Level 0.5 Maces & Flails
 + Level 0.4 Armour
 - Level 2.0 Dodging
 - Level 2.1 Stealth
 - Level 2.0 Spellcasting
 + Level 4.3 Ice Magic


You had 2 spell levels left.
You knew the following spells:

 Your Spells              Type           Power      Damage    Failure   Level
a - Freeze                Ice            60%        1d8       3%          1
b - Frozen Ramparts       Ice            30%        1d5       11%         3

Your spell library contained the following spells:

 Spells                   Type           Power      Damage    Failure   Level
 Ozocubu's Armour         Ice            15%        N/A       11%         3
 Hailstorm                Conj/Ice       8%         3d4       63%         4
 Metabolic Englaciation   Hex/Ice        4%         N/A       93%         5


Dungeon Overview and Level Annotations

Branches:
Dungeon (2/15)

Altars:


Innate Abilities, Weirdness & Mutations

You are immune to sickness and miasma.
Your stone body is resilient. (AC +3)
You are immune to poison.
You resist negative energy. (rN+)
You are resistant to electric shocks. (rElec)
You are resistant to unholy torment.
You are immune to petrification.


Message History

You freeze the kobold.
The kobold is severely wounded.
The kobold closely misses you.
Casting: Freeze (safe; 3% risk of failure)
Confirm with . or Enter, or press ? or * to list all spells.
Aiming: Freeze (safe; 3% risk of failure)
Press: ? - help, Shift-Dir - straight line, f/p - kobold
Aim: a kobold, wielding a +0 dagger (severely wounded)
You freeze the kobold.
You kill the kobold!
You see here a +0 dagger.
An orc comes into view. It is wielding a +4 dagger.
Found a scroll labelled FIEDAEMYIN.
An orc wizard comes into view. It is wielding a +0 dagger.
The orc shouts!
The orc wizard shouts!
You hear a shout!
The orc wizard points at you and mumbles some strange words.
The magic dart hits you.
You hear a shout! 3 orcs come into view.
An orc is wielding a +0 vorpal mace.
The orc shouts!
The orc hits you with a +4 dagger.
Casting: Freeze (safe; 3% risk of failure)
Confirm with . or Enter, or press ? or * to list all spells.
Aiming: Freeze (safe; 3% risk of failure)
Press: ? - help, Shift-Dir - straight line, f - orc wizard
Aim: an orc wizard, wielding a +0 dagger and wearing a +0 robe You freeze the orc wizard!
The orc wizard is heavily wounded.
The orc wizard gestures at you while chanting.
The magic dart hits you.
Casting: Freeze (safe; 3% risk of failure)
Confirm with . or Enter, or press ? or * to list all spells.
The spell is extremely dangerous to cast (11% risk of failure)!
Continue anyway?
Casting: Frozen Ramparts (extremely dangerous; 11% risk of failure)
Press: ? - help, Dir - look around, f - activate The walls around you are covered in ice.
The wall freezes the orc.
The wall freezes the orc wizard.
The orc wizard casts a spell at you. The magic dart hits you!
You die...

.####.#..# #.## ##
#.#..# #.# ...
#.#..###.# ..
..#..#...######$#
..#...).........#
#..#..#.#.....####
#..#.#..#####.#
..###.. #.# (..
...# #@# #..# #..#
#o# #.. ...#
#oo.o.... ## ...#
..o......
.?.####.#. ##..# #
.... ##.. #.#


You could see an orc wizard and 3 orcs.

Vanquished Creatures
  A dart slug (D:1)
  2 endoplasms (D:1)
  2 goblins
  2 hobgoblins (D:1)
  7 jackals (D:1)
  3 quokkas (D:1)
  5 bats (D:1)
  A frilled lizard (D:1)
  2 kobolds
  2 rats (D:2)
27 creatures vanquished.

Notes
Turn   | Place    | Note
-------+----------+-------------------------------------------
     0 | D:1      | Shayle the Gargoyle Ice Elementalist began the quest for
                  | the Orb.
     0 | D:1      | Reached XP level 1. HP: 10/10 MP: 3/3
   308 | D:1      | Noticed a floating eye
   310 | D:1      | Found a faded altar of an unknown god.
   312 | D:1      | Noticed an eye of devastation
   312 | D:1      | Noticed an eye of devastation
   312 | D:1      | Noticed an eye of devastation
   322 | D:1      | Reached XP level 2. HP: 16/16 MP: 3/5
   345 | D:1      | Reached skill level 1 in Fighting
   842 | D:1      | Reached XP level 3. HP: 9/20 MP: 0/6
   846 | D:1      | Learned a level 3 spell: Frozen Ramparts
  1333 | D:2      | Killed from afar by an orc wizard

Illustrated notes

Levels and vault maps discovered:
D:1:      heliophobic_arrival_glass_houses, layout_basic,
          hellmonk_ecumenical_altar_watching_god, hangedman_decor_riveting,
          minmay_misc_feat_cross, minivault_14, hex_tiny,
          minmay_misc_feat_columns
D:2:      layout_loops_ring, nrook_mini_vaults, kennysheep_generic_room_9

Skill      XL: |  1  2 |
---------------+-------+-----
Fighting       | 1 |  1.4
Dodging        | 2 |  2.0
Maces & Flails | |  0.5
Armour         | |  0.4
Stealth        | |  2.1
Spellcasting   | |  2.0
Ice Magic      | |  4.3

Action                   || total
-------------------------++-------
Melee: Unarmed           ||     5
       Club              ||    25
 Cast: Freeze            ||    39
       Frozen Ramparts   ||     1
  Use: Scroll            ||     1
 Stab: Sleeping          ||     2
Armor: Robe              ||    32
Dodge: Dodged            ||    55

Table legend: (Time is in decaauts)
 A = Elapsed time spent in this place.
 B = Non-inter-level travel time spent in this place.
 C = Inter-level travel time spent in this place.
 D = Time resting spent in this place.
 E = Time spent auto-exploring this place.
 F = Levels seen in this place.
 G = Mean time per level.
                   A        B        C        D        E       F      G
               +--------+--------+--------+--------+--------+-----+--------+
         Total |   1339 |   1312 |     27 |    203 |    833 |   2 |  669.5 |
       Dungeon |   1339 |   1312 |     27 |    203 |    833 |   2 |  669.5 |
               +--------+--------+--------+--------+--------+-----+--------+

Top non-repeatable levels by time:
     D:1: 1258 daAuts
     D:2: 81 daAuts
